 Dungeon Crawl Stone Soup version 0.30-a0-534-gdc55766716 (webtiles) character file.

Game seed: 10461958247536485635

186 drugrobin the Insei (level 5, -10/42 HPs)
             Began as a Demigod Delver on Dec 25, 2022.
             Killed by divine providence
             ... invoked by an orc priest
              (12 damage)
             ... on level 4 of the Dungeon.
             The game lasted 00:11:20 (3260 turns).

drugrobin the Insei (Demigod Delver)                Turns: 3260, Time: 00:11:21

Health: -10/42     AC:  5    Str: 13    XL:     5   Next: 15%
Magic:  7/7        EV: 16    Int: 12    God:
Gold:   270        SH:  0    Dex: 19    Spells: 4/4 levels left

rFire   . . .      SeeInvis .      - Unarmed
rCold   . . .      Faith    .    (no shield)
rNeg    . . .      Spirit   .    a - +0 leather armour
rPois   .          Reflect  .    l - +0 helmet
rElec   .          Harm     .    (no cloak)
rCorr   .          Rampage  .    h - +0 pair of gloves
Will    .....                    (no boots)
Stlth   +++                      (no amulet)
HPRegen 0.27/turn                m - +4 ring of evasion
MPRegen 0.10/turn                (no ring)

@: no status effects
A: high MP 1, forlorn, divine attributes
a: no special abilities


You were on level 4 of the Dungeon.
You visited 1 branch of the dungeon, and saw 5 of its levels.

You collected 270 gold pieces.

Inventory:

Hand Weapons
 b - a +0 sling
Missiles
 r - 3 javelins (quivered)
Armour
 a - a +0 leather armour (worn)
 h - a +0 pair of gloves (worn)
 l - a +0 helmet (worn)
Jewellery
 m - a +4 ring of evasion (left hand)
Wands
 f - a wand of digging (3)
 s - a wand of flame (26)
 u - a wand of acid (4)
Scrolls
 c - 2 scrolls of magic mapping
 d - 2 scrolls of acquirement {unknown}
 g - 6 scrolls of identify {unknown}
 i - 3 scrolls of fog
 j - a scroll of teleportation {unknown}
 k - 2 scrolls of vulnerability {unknown}
 p - a scroll of poison {unknown}
 q - a scroll of noise {unknown}
 t - a scroll of summoning {unknown}
 w - a scroll of amnesia {unknown}
Potions
 e - 2 potions of haste
 n - 2 potions of curing {unknown}
 o - a potion of magic {unknown}
 v - 2 potions of heal wounds {unknown}


   Skills:
 - Level 2.6 Fighting
 - Level 1.7 Dodging
 - Level 4.5 Stealth
 + Level 5.2 Unarmed Combat


You had 4 spell levels left.
You didn't know any spells.
Your spell library contained the following spells:

 Spells                   Type           Power      Damage    Failure   Level
 Foxfire                  Conj/Fire      0%         2x1d4     38%         1
 Frozen Ramparts          Ice            0%         1d1       77%         3
 Portal Projectile        Hex/Tloc       0%         N/A       77%         3
 Stone Arrow              Conj/Erth      0%         3d7       77%         3
 Tukima's Dance           Hex            0%         N/A       77%         3
 Animate Armour           Summ/Erth      0%         N/A       99%         4
 Ice Form                 Ice/Tmut       0%         N/A       99%         4
 Summon Ice Beast         Ice/Summ       0%         N/A       99%         4
 Blade Hands              Tmut           0%         N/A       100%        5
 Fireball                 Conj/Fire      0%         3d3       100%        5
 Starburst                Conj/Fire      0%         6d3       100%        6
 Lehudib's Crystal Spear  Conj/Erth      0%         10d2      100%        8


Dungeon Overview and Level Annotations

Branches:
Dungeon (5/15)             Temple (0/1) D:5

Annotations:
D:5 exclusion: black bear


Innate Abilities, Weirdness & Mutations

You have an increased reservoir of magic. (+10% MP)
You shall have no god before yourself.
Your divine heritage dramatically boosts your attributes as you level up.


Message History

Unknown command.
You closely miss the orc. The orc wizard closely misses you.
The orc hits you with a +0 flail!
Unknown command.
Unknown command.
Unknown command.
You bump into the rock wall.
The orc wizard closely misses you. The orc hits you with a +0 flail.
Unknown command.
Unknown command.
Unknown command.
You bump into the rock wall.
You feel less confused. The orc wizard misses you.
The orc hits you but does no damage.
The orc priest looks encouraged for a moment.
Unknown command.
Unknown command.
Unknown command.
The orc hits you with a +0 flail!
* * * LOW HITPOINT WARNING * * *
Unknown command.
Unknown command.
Unknown command.
Unknown command.
Unknown command.
Okay, then.
Aiming: Corrosive Bolt
Press: ? - help, Shift-Dir - straight line, p - orc wizard The bolt of acid hits the orc wizard!
The acid corrodes the orc wizard!
The orc wizard is heavily wounded.
The bolt of acid misses the orc.
The bolt of acid hits the orc priest!
The acid corrodes the orc priest!
The orc priest is severely wounded.
The orc wizard gestures at you while chanting.
The magic dart hits you!
* * * LOW HITPOINT WARNING * * *
The orc barely misses you.
The orc priest calls down the wrath of Beogh upon you.
Beogh smites you!
You die...

......##..........
...#####............
.........#.........
..†..##.###........
...#........####..###
...####.###.## .... #.#
...# ### #..####.# #.#
.)## ##.oooo.# #.#
...#############@.## #.#
##...).....#####...## #.#
..########....###...###.#
#.............# #.#..##.#
##...######..<# #.##.##.##
......## #...# #..#.#...#
.......####...####.......#
....................[....#
.......####...#####.##...#


You could see an orc priest (corroded), an orc wizard (corroded) and 2 orcs.

Vanquished Creatures
  A howler monkey (D:4)
  Robin (D:1)
  5 adders
  2 worms (D:3)
  A dart slug (D:3)
  An orc (D:3)
  4 endoplasms
  2 giant cockroaches
  15 goblins
  7 hobgoblins
  8 jackals (D:1)
  2 quokkas (D:3)
  7 ball pythons
  7 bats
  3 frilled lizards
  5 kobolds
  7 rats
78 creatures vanquished.

Notes
Turn   | Place    | Note
-------+----------+-------------------------------------------
     0 | D:5      | drugrobin the Demigod Delver began the quest for the Orb.
     0 | D:5      | Reached XP level 1. HP: 18/18 MP: 3/3
     1 | D:5      | Noticed a black bear
    40 | D:5      | Noticed an orc wizard
    76 | D:5      | Noticed an iguana
   186 | D:3      | Reached skill level 2 in Unarmed Combat
   533 | D:1      | Reached XP level 2. HP: 23/25 MP: 4/4
   748 | D:1      | Reached skill level 3 in Unarmed Combat
  1187 | D:2      | Reached XP level 3. HP: 21/30 MP: 5/5
  1300 | D:2      | Noticed Robin
  1684 | D:2      | Reached skill level 4 in Unarmed Combat
  1879 | D:2      | Reached XP level 4. HP: 37/37 MP: 6/6
  2050 | D:1      | Killed Robin
  3211 | D:4      | Reached skill level 5 in Unarmed Combat
  3211 | D:4      | Reached XP level 5. HP: 37/42 MP: 7/7
  3260 | D:4      | HP: 2/42 [orc wizard/magic dart (7)]
  3260 | D:4      | Killed from afar by an orc priest

Illustrated notes

Levels and vault maps discovered:
D:1:      zelgadis_glass_arrival_small, layout_loops_cross,
          hangedman_decor_growths
D:2:      layout_loops_corners, chequers_ecumenical_altar_twisty,
          kennysheep_generic_room_8, uniq_robin
D:3:      layout_loops_ring, grunt_temple_overflow_forces_of_nature
D:4:      layout_rooms, minivault_5
D:5:      layout_loops_ring, trog_ov_bears_minmay, mainiacjoe_overflow_alcove_4,
          minmay_temple_entry_offerings

Skill      XL: |  1  2  3  4 |
---------------+-------------+-----
Unarmed Combat | 2 3 4 5 |  5.2
Fighting       | |  2.6
Dodging        | |  1.7
Stealth        | |  4.5

Action                   |  1- 3 |  4- 6 || total
-------------------------+-------+-------++-------
Melee: Unarmed           |   166 |   112 ||   278
       Punch             |     4 |     3 ||     7
 Fire: Sling             |     5 |       ||     5
Throw: Javelin           |       |     6 ||     6
Evoke: Wand              |       |     1 ||     1
  Use: Scroll            |     3 |       ||     3
 Stab: Sleeping          |    10 |     8 ||    18
Armor: Leather armour    |    34 |    12 ||    46
Dodge: Dodged            |   133 |    72 ||   205

Table legend: (Time is in decaauts)
 A = Elapsed time spent in this place.
 B = Non-inter-level travel time spent in this place.
 C = Inter-level travel time spent in this place.
 D = Time resting spent in this place.
 E = Time spent auto-exploring this place.
 F = Levels seen in this place.
 G = Mean time per level.
                   A        B        C        D        E       F      G
               +--------+--------+--------+--------+--------+-----+--------+
         Total |   3243 |   3141 |    102 |    227 |   2011 |   5 |  648.6 |
       Dungeon |   3243 |   3141 |    102 |    227 |   2011 |   5 |  648.6 |
               +--------+--------+--------+--------+--------+-----+--------+

Top non-repeatable levels by time:
     D:1: 1037 daAuts
     D:2: 1028 daAuts
     D:3: 739 daAuts
     D:4: 341 daAuts
     D:5: 97 daAuts
